 Dungeon Crawl Stone Soup version 0.23.2-33-g5129a83184 (webtiles) character file.

Game seed: 175218054620010224

2119628 libidonplus the Wrestler (level 27, 300/300 HPs)
             Began as a Troll Hunter on July 29, 2019.
             Was the Champion of Jiyva.
             Escaped with the Orb
             ... and 4 runes on Aug 9, 2019!
             The game lasted 09:15:15 (84950 turns).

libidonplus the Wrestler (Troll Hunter)            Turns: 84950, Time: 09:15:16

Health: 300/300    AC: 37    Str: 18    XL:     27
Magic:  26/26      EV: 18    Int:  9    God:    Jiyva [******]
Gold:   6177       SH: 34    Dex: 22    Spells: 26/26 levels left

rFire    + + +     SeeInvis +     - Unarmed
rCold    + . .     Gourm    +   n - +10 large shield of Ignorance {rN+ Int-4}
rNeg     + + +     Faith    .   o - +8 fire dragon scales
rPois    +         Spirit   .   P - +5 hat of the Thoughtful Seas {rF+ rC+ rN+}
rElec    +         Reflect  +   E - +2 cloak {rC+}
rCorr    +         Harm     .   (gloves unavailable)
MR       ++++.                  (boots unavailable)
Stlth    +.........             I - amulet "Meruow" {Reflect MR+ SH+4}
HPRegen  1.00/turn              V - ring of the Past {rElec rF+}
MPRegen  0.20/turn              K - ring of No Interval {rN+ MR+ Str-3 SInv Stlth+}

@: no status effects
A: large, unfitting armour, claws 3, horns 1, thin metallic scales 1, agile 1,
fast metabolism 3, gourmand, poison resistance, regeneration 1, shaggy fur 1,
tough skin 3, wild magic 2, acidic bite
0: Orb of Zot
}: 4/15 runes: barnacled, slimy, silver, gossamer
a: Request Jelly, Slimify, Cure Bad Mutation, Renounce Religion


You escaped.
You worshipped Jiyva.
Jiyva was exalted by your worship.
You were very full.

You visited 12 branches of the dungeon, and saw 58 of its levels.
You visited the Abyss 1 time.
You also visited: Ice Cave and Wizlab.

You collected 9603 gold pieces.
You spent 3426 gold pieces at shops.

Inventory:

Hand Weapons
 b - a +8 broad axe of flaming
Missiles
 c - 179 large rocks (quivered)
 F - 5 throwing nets
Armour
 n - the +10 large shield of Ignorance (worn) {rN+ Int-4}
   (You took it off a deep elf mage on level 4 of the Vaults)

   It affects your intelligence (-4).
   It protects you from negative energy.
 o - +8 fire dragon scales (worn)
 E - a +2 cloak of cold resistance (worn)
 P - the +5 hat of the Thoughtful Seas (worn) {rF+ rC+ rN+}
   (Okawaru gifted it to you on level 2 of the Realm of Zot)

   It protects you from fire.
   It protects you from cold.
   It protects you from negative energy.
 U - the +4 hat "Xoirups" {*Drain rCorr Int+5 Stlth+}
   (Okawaru gifted it to you on level 6 of the Lair of Beasts)

   It affects your intelligence (+5).
   It provides partial protection from all sources of acid and corrosion.
   It causes draining when unequipped.
   It makes you more stealthy.
Jewellery
 i - the amulet of the Middle {Inacc Str+2, unknown}
   (You found it on level 5 of the Pits of Slime)

   [amulet of inaccuracy]

   It reduces the accuracy of all your attacks.
   It affects your strength (+2).
 k - the ring of Lytzefee {rF- rN+ MR+++ Str-5 Dex+9}
   (You found it on level 3 of the Crypt)

   [ring of positive energy]

   It affects your strength (-5).
   It affects your dexterity (+9).
   It makes you vulnerable to fire.
   It protects you from negative energy.
   It affects your resistance to hostile enchantments.
 m - the amulet "Jidarch" {-Tele *Contam +Rage +Fly Int+8}
   (You acquired it on level 1 of the Realm of Zot)

   [amulet of rage]

   It affects your intelligence (+8).
   It lets you fly.
   It lets you go berserk.
   It prevents most forms of teleportation.
   It causes magical contamination when unequipped.
 p - an uncursed ring of protection from cold
 w - the ring of Omadd {+Inv rN+ Stlth+}
   (You found it on level 3 of the Crypt)

   [ring of positive energy]

   It protects you from negative energy.
   It lets you turn invisible.
   It makes you more stealthy.
 C - the ring "Hyuvvuru" {-Tele rPois rF+ rN+}
   (You found it on level 3 of the Crypt)

   [ring of positive energy]

   It protects you from fire.
   It protects you from poison.
   It protects you from negative energy.
   It prevents most forms of teleportation.
 G - a +5 ring of evasion
 H - the ring "Yvaejoaf" {rF+ SInv}
   (You took it off a necromancer on level 4 of the Vaults)

   [ring of protection from fire]

   It protects you from fire.
   It lets you see invisible.
 I - the amulet "Meruow" (around neck) {Reflect MR+ SH+4}
   (You found it on level 4 of the Lair of Beasts)

   [amulet of reflection]

   It shields you and reflects attacks.
   It affects your resistance to hostile enchantments.
   It affects your SH (+4).
 K - the ring of No Interval (right claw) {rN+ MR+ Str-3 SInv Stlth+}
   (You found it on level 7 of the Dungeon)

   [ring of stealth]

   It affects your strength (-3).
   It protects you from negative energy.
   It affects your resistance to hostile enchantments.
   It lets you see invisible.
   It makes you more stealthy.
 V - the ring of the Past (left claw) {rElec rF+}
   (You took it off a vault warden on level 5 of the Vaults)

   [ring of protection from fire]

   It protects you from fire.
   It insulates you from electricity.
Wands
 s - a wand of iceblast (63)
 z - a wand of acid (75)
 D - a wand of digging (29)
 Q - a wand of paralysis (13)
 W - a wand of clouds (4)
Scrolls
 t - 16 scrolls of teleportation
 u - 8 scrolls of blinking
 y - 19 scrolls of remove curse
 A - 2 scrolls of immolation
 L - 9 scrolls of fear
 N - 5 scrolls of fog
 O - 2 scrolls of magic mapping
 R - 15 scrolls of identify
 S - 2 scrolls of summoning
 Y - 3 scrolls of silence
 Z - 2 scrolls of holy word
Potions
 d - 5 potions of mutation
 e - 12 potions of might
 g - 5 potions of cancellation
 h - 27 potions of curing
 j - 5 potions of flight
 l - 4 potions of agility
 q - 7 potions of ambrosia
 r - 4 potions of resistance
 v - 6 potions of haste
 x - 2 potions of berserk rage
 B - 9 potions of heal wounds
 J - 7 potions of brilliance
 M - 4 potions of invisibility
Miscellaneous
 a - a sack of spiders
 T - 2 boxes of beasts
Comestibles
 f - 79 rations


   Skills:
 + Level 21.9 Fighting
 - Level 12.0 Throwing
 + Level 17.8 Armour
 - Level 15.0 Dodging
 - Level 0.3 Stealth
 - Level 15.0 Shields
 + Level 25.0 Unarmed Combat
   Level 6.5 Invocations


You had 26 spell levels left.
You didn't know any spells.
Your spell library contained the following spells:

 Spells                   Type           Power        Failure   Level  Hunger
 Animate Skeleton         Necr           N/A          83%         1    ##.....
 Apportation              Tloc           #.....       83%         1    ##.....
 Beastly Appendage        Tmut           #.....       83%         1    ##.....
 Confusing Touch          Hex            #.....       83%         1    ##.....
 Corona                   Hex            #......      83%         1    ##.....
 Freeze                   Ice            #...         83%         1    ##.....
 Infusion                 Chrm           #...         83%         1    ##.....
 Magic Dart               Conj           #...         83%         1    ##.....
 Pain                     Necr           #...         83%         1    ##.....
 Sandblast                Erth           #.....       83%         1    ##.....
 Sting                    Conj/Pois      #...         83%         1    ##.....
 Summon Butterflies       Summ           #.......     83%         1    ##.....
 Summon Small Mammal      Summ           #...         83%         1    ##.....
 Blink                    Tloc           N/A          92%         2    ###....
 Call Imp                 Summ           #.......     92%         2    ###....
 Passwall                 Tmut/Erth      #.......     92%         2    ###....
 Poisonous Vapours        Pois/Air       #.....       92%         2    ###....
 Searing Ray              Conj           #.....       92%         2    ###....
 Shroud of Golubria       Chrm/Tloc      #.........   92%         2    ###....
 Slow                     Hex            #.......     92%         2    ###....
 Song of Slaying          Chrm           #.......     92%         2    ###....
 Sticks to Snakes         Tmut           #.......     92%         2    ###....
 Sublimation of Blood     Necr           #.........   92%         2    ###....
 Throw Frost              Conj/Ice       #.....       92%         2    ###....
 Call Canine Familiar     Summ           #.......     99%         3    ####...
 Confuse                  Hex            #.......     99%         3    ####...
 Conjure Flame            Conj/Fire      #.......     99%         3    ####...
 Dazzling Spray           Conj/Hex       #.....       99%         3    ####...
 Gell's Gravitas          Tloc           #.........   99%         3    ####...
 Ignite Poison            Fire/Tmut/Pois #.......     99%         3    ####...
 Inner Flame              Hex/Fire       #.......     99%         3    ####...
 Lesser Beckoning         Tloc           #.........   99%         3    ####...
 Mephitic Cloud           Conj/Pois/Air  #.......     99%         3    ####...
 Ozocubu's Armour         Chrm/Ice       #.......     99%         3    ####...
 Portal Projectile        Hex/Tloc       #.....       99%         3    ####...
 Recall                   Summ/Tloc      N/A          99%         3    ####...
 Regeneration             Chrm/Necr      #.........   99%         3    ####...
 Spectral Weapon          Hex/Chrm       #.......     99%         3    ####...
 Spider Form              Tmut/Pois      #.........   99%         3    ####...
 Static Discharge         Conj/Air       #.......     99%         3    ####...
 Stone Arrow              Conj/Erth      #.....       99%         3    ####...
 Summon Guardian Golem    Hex/Summ       #.......     99%         3    ####...
 Teleport Other           Tloc           #.......     99%         3    ####...
 Tukima's Dance           Hex            #.......     99%         3    ####...
 Vampiric Draining        Necr           #.........   99%         3    ####...
 Animate Dead             Necr           N/A          100%        4    #####..
 Cause Fear               Hex            #.........   100%        4    #####..
 Force Lance              Conj/Tloc      #.......     100%        4    #####..
 Fulminant Prism          Conj/Hex       #.........   100%        4    #####..
 Ice Form                 Ice/Tmut       #.......     100%        4    #####..
 Iskenderun's Mystic Bla  Conj           #.......     100%        4    #####..
 Leda's Liquefaction      Hex/Erth       #.........   100%        4    #####..
 Petrify                  Tmut/Erth      #.......     100%        4    #####..
 Summon Ice Beast         Ice/Summ       #.......     100%        4    #####..
 Summon Lightning Spire   Summ/Air       #.......     100%        4    #####..
 Throw Icicle             Conj/Ice       #.......     100%        4    #####..
 Agony                    Necr           #.......     100%        5    ######.
 Alistair's Intoxication  Tmut/Pois      #.......     100%        5    ######.
 Aura of Abjuration       Summ           #.........   100%        5    ######.
 Blade Hands              Tmut           #.........   100%        5    ######.
 Bolt of Draining         Conj/Necr      #.........   100%        5    ######.
 Bolt of Magma            Conj/Fire/Erth #.........   100%        5    ######.
 Borgnjor's Vile Clutch   Necr/Erth      #.........   100%        5    ######.
 Irradiate                Conj/Tmut      #.........   100%        5    ######.
 Lee's Rapid Deconstruct  Erth           #.........   100%        5    ######.
 Lightning Bolt           Conj/Air       #.........   100%        5    ######.
 Metabolic Englaciation   Hex/Ice        #.........   100%        5    ######.
 Silence                  Hex/Air        #.........   100%        5    ######.
 Summon Demon             Summ           #.........   100%        5    ######.
 Summon Forest            Summ/Tloc      #.........   100%        5    ######.
 Summon Mana Viper        Hex/Summ       #.......     100%        5    ######.
 Venom Bolt               Conj/Pois      #.........   100%        5    ######.
 Yara's Violent Unravell  Hex/Tmut       #.........   100%        5    ######.
 Bolt of Cold             Conj/Ice       #.........   100%        6    #######
 Conjure Ball Lightning   Conj/Air       #.........   100%        6    #######
 Death Channel            Necr           #.........   100%        6    #######
 Deflect Missiles         Chrm/Air       #.........   100%        6    #######
 Freezing Cloud           Conj/Ice/Air   #.........   100%        6    #######
 Hydra Form               Tmut           #.........   100%        6    #######
 Invisibility             Hex            #.......     100%        6    #######
 Iron Shot                Conj/Erth      #.........   100%        6    #######
 Ozocubu's Refrigeration  Ice            #.........   100%        6    #######
 Shadow Creatures         Summ           N/A          100%        6    #######
 Simulacrum               Ice/Necr       #.........   100%        6    #######
 Statue Form              Tmut/Erth      #........    100%        6    #######
 Dragon Form              Tmut           #.........   100%        7    #######
 Ring of Flames           Chrm/Fire      #.........   100%        7    #######
 Summon Hydra             Summ           #.........   100%        7    #######
 Discord                  Hex            #.........   100%        8    #######
 Ignition                 Fire           #.........   100%        8    #######
 Shatter                  Erth           #.........   100%        9    #######
 Tornado                  Air            #.........   100%        9    #######
 Passage of Golubria      Tloc           Unusable     N/A         4    N/A

Dungeon Overview and Level Annotations

Branches:
Dungeon (15/15)            Temple (1/1) D:4            Lair (6/6) D:11
 Shoals (4/4) Lair:4       Spider (4/4) Lair:2        Slime (5/5) Lair:5
    Orc (2/2) D:11            Elf (3/3) Orc:2        Vaults (5/5) D:13
  Crypt (3/3) Vaults:3       Tomb (0/3) Crypt:3      Depths (5/5) D:15
    Zot (5/5) Depths:5

Altars:
Ashenzari
Cheibriados
Dithmenos
Elyvilon
Fedhas
Gozag
Hepliaklqana
Kikubaaqudgha
Makhleb
Nemelex Xobeh
Okawaru
Qazlal
Ru
Sif Muna
Trog
Uskayaw
Vehumet
Wu Jian
Xom
Yredelemnul
Zin
The Shining One
Beogh
Jiyva

Shops:
D:5 }   D:7 ?=}[[   D:9 [}(   D:10 [*   D:14 !   Orc:2 =**   Elf:1 (}?
Elf:2 ==}   Elf:3 (   Vaults:3 ![}!   Depths:5 !

Portals:
Hell: Depths:1 Depths:2 Depths:3 Depths:4 Depths:5
Abyss: Depths:4
Pandemonium: Depths:2 Depths:3
Ziggurat: Depths:2

Annotations:
D:3 exclusion: 2 downstairs
D:4 exclusion: downstairs
D:5 exclusion: 2 downstairs
D:7 3 runed translucent doors, exclusion: 3 doors, PeSeC's ghost, novice MiFi
D:8 3 runed translucent doors, exclusion: 4 doors, Maurice; PeSeC's ghost, novice MiFi
D:9 exclusion: troll
D:14 1 runed translucent door, exclusion: door
D:15 exclusion: Roxanne, Roxanne
Lair:1 exclusion: lindwurm
Lair:2 exclusion: downstairs
Spider:1 1 transporter
Spider:2 exclusion: 2 upstairs
Spider:4 3 runed translucent doors, exclusion: 3 doors, spacegravy's ghost, adept MiBe
Elf:3 1 exclusion
Vaults:1 3 runed translucent doors, exclusion: 3 doors, nago's ghost, adept DrEE
Depths:1 1 runed translucent door, 1 transporter, exclusions: door and downstairs
Depths:2 1 runed translucent door
Depths:3 exclusion: door, Mara


Innate Abilities, Weirdness & Mutations

You are too large for most types of armour.
You have claws for hands.
Your metabolism is lightning-fast.
You like to eat raw meat.
Your natural rate of healing is unusually fast.
You are covered in fur. (AC +1)
You have extremely tough skin. (AC +3)
You have a pair of small horns on your head.
You are partially covered in thin metallic scales. (AC +2)
You are agile. (Dex +2)
Your system is resistant to poisons. (rPois)
Your spells are harder to cast, but more powerful.
You have acidic saliva.


Message History

You feel a little less hungry. Jiyva appreciates your sacrifice.
You feel a little less hungry. Jiyva appreciates your sacrifice.
You feel a little less hungry.
You open the door.
There is an open door here.
There is a stone staircase leading up here.
You climb upwards.
There is a stone staircase leading down here.
There is a stone staircase leading up here.
You climb upwards.
There is a stone staircase leading down, spattered with blood here.
You see here a +0 short sword.
You see here a +0 club.
You enter the shallow water.
Moving in this stuff is going to be slow.
There is a large open door here.
There is a staircase leading out of the dungeon here.
You have escaped!

# #..#...........#
##.#...........#
#)..###.#######
#######.......#########
......#...##≈≈≈≈≈§§≈≈≈#
.####.#.)>##≈8≈§§≈§≈8≈#
.# #.#.#)##≈≈8≈≈≈§8≈≈#
.# #.#.#)##≈≈≈####≈≈≈#
.####.###.##≈≈§#@.#≈§§#
........)..§§§≈#..#≈§§#
.###.######§≈§≈#''#≈§§#
.# #.# #§§§8≈≈≈≈8≈§# .#
#.# #.≈8≈≈§§≈≈8≈# .#
#.# #.≈≈≈≈≈§§≈≈≈#
####.# #.....§§..###
.....# ###....)..#
###### #########


There were no monsters in sight!

Vanquished Creatures
  8 ancient liches
  4 orbs of fire
  Boris (twice) (Vaults:4 Crypt:3)
  3 Killer Klowns (Zot:5)
  Bai Suzhen (Crypt:1)
  6 curse toes
  Saint Roka (Vaults:4)
  12 golden dragons
  the Enchantress (Depths:3)
  Jory (Depths:2)
  4 electric golems
  19 tentacled monstrosities
  26 Orb Guardians (Zot:5)
  A Hell Sentinel (Abyss:1)
  Jorgrun (D:11)
  5 titans
  Asterion (Depths:2)
  3 liches
  7 deep elf blademasters
  4 deep elf master archers
  6 death cobs
  9 quicksilver dragons
  2 tentacled starspawn (Abyss:1)
  4 sphinxes
  Polyphemus (Shoals:3)
  5 tengu reavers
  13 storm dragons
  Donald (Shoals:2)
  13 shadow dragons
  7 draconian monks
  23 frost giants
  3 revenants
  19 fire giants
  2 deep elf sorcerers
  7 ghost moths
  3 draconian scorchers
  14 vault wardens
  5 draconian knights
  6 orc warlords
  A cacodemon (D:8)
  5 draconian shifters
  A ghost moth (shapeshifter) (Vaults:5)
  Aizul (Elf:2)
  3 ghouls
  4 iron dragons
  4 emperor scorpions
  Louise (Shoals:4)
  3 draconian stormcallers
  A curse skull (Crypt:3)
  3 deep elf elementalists
  3 draconian annihilators
  6 spriggan defenders
  17 ironheart preservers
  22 very ugly things
  8 war gargoyles
  43 stone giants
  8 vampire knights
  4 deep elf demonologists
  10 green draconians
  5 deep elf annihilators
  4 entropy weavers
  10 black draconians
  6 red draconians
  A corrupter (D:8)
  13 purple draconians
  11 white draconians
  11 yellow draconians
  A dire elephant (D:15)
  15 ettins
  5 merfolk javelineers
  7 deep elf death magi
  6 spark wasps
  4 eidola
  15 fire dragons
  2 deep elf high priests (Elf:3)
  3 merfolk impalers
  Josephine (D:13)
  A quicksilver dragon skeleton (Crypt:1)
  16 yaktaur captains
  11 great orbs of eyes
  29 vault guards
  7 jiangshi
  7 rakshasas
  Erolcha (Orc:1)
  4 spriggan air magi
  7 hydras
  3 catoblepae
  10 ice dragons
  18 ogre magi
  3 death knights
  13 centaur warriors
  5 satyrs
  3 merfolk avatars
  8 deep troll shamans
  A merfolk aquamancer (Shoals:4)
  26 dancing weapons
  9 death yaks
  Urug (Orc:1)
  5 tengu warriors
  4 thrashing horrors (Abyss:1)
  3 spriggan berserkers
  13 vampire magi
  50 two-headed ogres
  12 deep troll earth magi
  A shock serpent (shapeshifter) (Vaults:4)
  25 deep elf knights
  Sonja (D:10)
  3 titan skeletons (Crypt:3)
  3 soul eaters
  3 shadow wraiths
  10 skeletal warriors
  2 wretched stars (Abyss:1)
  38 deep trolls
  An unseen horror (Vaults:1)
  24 hell knights
  2 iron trolls
  A sea snake (shapeshifter) (Vaults:2)
  16 sea snakes
  A gelid demonspawn (D:8)
  4 wizards
  A shadow demon (Depths:3)
  10 flayed ghosts
  A deep troll (shapeshifter) (Vaults:1)
  15 harpies
  A swamp dragon (Zot:4)
  A swamp dragon (shapeshifter) (Depths:3)
  A harpy (shapeshifter) (D:14)
  21 deep elf archers
  Pikel (D:8)
  12 ironbrand convokers
  22 orc knights
  13 orb spiders
  A wolf spider zombie (D:15)
  17 phantasmal warriors
  2 lindwurms (Lair:6)
  7 necromancers
  4 orc sorcerers
  19 ugly things
  18 wolf spiders
  11 manticores
  69 deep elf magi
  32 fauns
  A salamander (D:15)
  12 cyclopes
  A tengu skeleton (Depths:2)
  An iron dragon skeleton (Abyss:1)
  19 merfolk sirens
  A fire giant skeleton (Depths:2)
  2 centaur zombies
  24 moths of wrath
  An apocalypse crab (Abyss:1)
  3 black mambas
  12 vault sentinels
  3 torpor snails (Lair:6)
  6 water nymphs
  An ice statue (IceCv)
  6 smoke demons
  2 water nymphs (shapeshifter) (Depths:3)
  9 spiny frogs
  A human skeleton (Vaults:5)
  4 gargoyles (Crypt:3)
  5 spectral swamp worms (Depths:2)
  3 rime drakes (Lair:6)
  A yellow draconian zombie (Crypt:1)
  A sea snake zombie (Crypt:1)
  A rime drake (shapeshifter) (Depths:4)
  9 demonic crawlers
  A kobold demonologist (D:13)
  13 freezing wraiths
  7 komodo dragons
  A yaktaur skeleton (Vaults:5)
  39 yaktaurs
  A minotaur zombie (Crypt:2)
  4 guardian mummies (Crypt:3)
  7 tengu conjurers
  2 ancient zymes (Abyss:1)
  A golden dragon simulacrum (Depths:2)
  A meliai (shapeshifter) (Vaults:3)
  4 red devils
  A troll (shapeshifter) (Depths:1)
  7 wind drakes
  7 trolls
  A grey draconian skeleton (Crypt:1)
  3 meliai
  22 jumping spiders
  39 merfolk
  12 polar bears
  2 wolf spider simulacra (IceCv)
  Grinder (D:6)
  A hornet (shapeshifter) (Depths:4)
  13 hornets
  A hippogriff (shapeshifter) (Vaults:3)
  A bog body (Crypt:2)
  6 raiju
  Prince Ribbit (D:6)
  19 blink frogs
  6 slime creatures (Vaults:1)
  An ettin zombie (Crypt:1)
  6 dream sheep
  15 hippogriffs
  A human simulacrum (Vaults:3)
  14 snapping turtles
  An alligator zombie (Crypt:1)
  A fire dragon skeleton (Crypt:3)
  2 fire giant simulacra (Vaults:5)
  2 spriggan skeletons (Depths:2)
  4 flying skulls (Abyss:1)
  4 shadows
  Sigmund (D:5)
  2 ynoxinuls (Abyss:1)
  An alligator skeleton (Crypt:3)
  5 water elementals
  4 spriggans
  13 wraiths
  2 air elementals (Elf:1)
  59 redbacks
  A tarantella (shapeshifter) (Vaults:1)
  A wyvern (D:8)
  A yak (shapeshifter) (Vaults:2)
  2 vampires
  4 fire elementals
  24 tarantellas
  A wyvern (shapeshifter) (Depths:2)
  6 basilisks
  46 yaks
  An orc simulacrum (Vaults:2)
  A yaktaur simulacrum (Vaults:1)
  Menkaure (D:5)
  4 hungry ghosts
  Grum (D:8)
  2 chaos spawn (Abyss:1)
  A swamp worm (shapeshifter) (Depths:3)
  A steam dragon (D:13)
  15 wargs
  2 acid dragons
  A warg (shapeshifter) (Depths:3)
  3 large abominations (Abyss:1)
  19 water moccasins
  A floating eye (shapeshifter) (Vaults:5)
  18 hell hounds
  15 porcupines
  A floating eye (Depths:4)
  2 black bears (shapeshifter)
  A swamp drake (Lair:6)
  16 ice beasts
  45 orc warriors
  3 phantoms
  3 necrophages
  4 sky beasts
  3 slaves (D:8)
  44 ogres
  15 black bears
  25 wolves
  15 centaurs
  An ogre (shapeshifter) (Vaults:3)
  A boggart (shapeshifter) (Depths:2)
  3 boggarts (Vaults:3)
  A hog zombie (Crypt:1)
  16 crocodiles
  A yaktaur zombie (Crypt:2)
  4 big kobolds
  30 bullfrogs
  A gnoll sergeant (D:12)
  7 earth elementals
  A deep troll simulacrum (Vaults:5)
  A water moccasin zombie (D:9)
  3 scorpions
  A hornet simulacrum (Vaults:1)
  A water moccasin skeleton (Crypt:2)
  3 yak zombies
  A snapping turtle simulacrum (Abyss:1)
  3 killer bees (D:11)
  4 electric eels
  15 wights
  10 howler monkeys
  6 crimson imps
  8 small abominations (Abyss:1)
  2 quasits
  2 bullfrog zombies
  5 starcursed masses (Abyss:1)
  3 draconian simulacra (IceCv)
  5 hounds
  3 jellies
  18 orc wizards
  5 centaur skeletons
  A gnoll shaman (D:7)
  15 orc priests
  2 bullfrog skeletons
  2 iron imps (Abyss:1)
  4 iguanas
  Ijyb (D:5)
  A hell rat (Lair:6)
  A worker ant (shapeshifter) (Depths:2)
  3 troll simulacra (IceCv)
  12 worker ants
  2 polar bear simulacra (IceCv)
  A centaur simulacrum (IceCv)
  A crocodile skeleton (Crypt:2)
  2 hound skeletons
  8 mummies (Crypt:3)
  2 worker ant zombies
  19 gnolls
  A howler monkey skeleton (D:11)
  3 ogre simulacra (IceCv)
  10 adders
  A naga simulacrum (IceCv)
  5 shadow imps
  8 white imps
  An ufetubus (Abyss:1)
  An adder zombie (D:5)
  4 adder skeletons
  2 worms (D:3)
  A barachi zombie (Crypt:2)
  3 dart slugs (D:1)
  3 leopard geckos
  82 orcs
  5 ball pythons
  13 giant cockroaches
  7 goblins
  6 hobgoblins
  15 jackals
  17 kobolds
  6 quokkas
  6 bats
  4 frilled lizards
  A goblin skeleton (Crypt:2)
  A hobgoblin zombie (Crypt:2)
  A jackal skeleton (D:8)
  An orc skeleton (Crypt:3)
  8 rats
  3 plants
  2 starspawn tentacles (Abyss:1)
2508 creatures vanquished.

Vanquished Creatures (collateral kills)
  A draconian shifter (Zot:5)
  A yellow draconian (Zot:5)
2 creatures vanquished.

Vanquished Creatures (others)
  7 deep elf master archers
  A fire giant (Depths:3)
  4 merfolk javelineers (Shoals:4)
  4 yaktaur captains
  3 dancing weapons (Elf:1)
  A satyr (Shoals:4)
  A deep elf knight (Abyss:1)
  4 deep elf archers
  A necromancer (Vaults:3)
  2 deep elf magi
  An orb spider (Spider:4)
  A cyclops (Shoals:1)
  A faun (Shoals:3)
  A vault sentinel (Vaults:5)
  20 yaktaurs
  2 shadows
  A spriggan (Depths:5)
  An eye of draining (Abyss:1)
  An orc warrior (Vaults:1)
  3 centaurs
  36 jellies
  A barachi zombie (Crypt:1)
  An orc (Vaults:4)
  12 fungi
  A lurking horror (Abyss:1)
  47 plants
  2 starspawn tentacles (Abyss:1)
  10 withered plants (Crypt:3)
170 creatures vanquished.

Grand Total: 2680 creatures vanquished

Notes
Turn   | Place    | Note
-------+----------+-------------------------------------------
     0 | D:1      | libidonplus the Troll Hunter began the quest for the Orb.
     0 | D:1      | Reached XP level 1. HP: 19/19 MP: 0/0
    25 | D:1      | Reached skill level 1 in Unarmed Combat
    51 | D:1      | Reached XP level 2. HP: 28/28 MP: 1/1
   193 | D:1      | Reached skill level 2 in Unarmed Combat
   284 | D:1      | Reached XP level 3. HP: 35/35 MP: 2/2
   506 | D:2      | Found a blossoming altar of Fedhas.
   792 | D:1      | Reached skill level 3 in Unarmed Combat
   792 | D:1      | Reached XP level 4. HP: 22/44 MP: 3/3
  1540 | D:3      | Reached XP level 5. HP: 30/50 MP: 4/4
  1749 | D:3      | Reached skill level 4 in Unarmed Combat
  2226 | D:4      | Noticed an ogre
  2270 | D:4      | Found a staircase to the Ecumenical Temple.
  2281 | Temple   | Entered the Ecumenical Temple
  2468 | Temple   | Became a worshipper of Warmaster Okawaru
  2614 | D:4      | Noticed an ogre
  2701 | D:4      | Reached XP level 6. HP: 51/61 MP: 5/5
  2901 | D:4      | Reached * piety under Okawaru
  2901 | D:4      | Reached skill level 5 in Unarmed Combat
  3097 | D:4      | Found a hazy altar of Hepliaklqana.
  3181 | D:4      | Found an ornate altar of the Wu Jian Council.
  3227 | D:4      | Reached XP level 7. HP: 43/68 MP: 6/6
  3361 | D:5      | Entered Level 5 of the Dungeon
  3391 | D:5      | Noticed Menkaure
  3430 | D:5      | Found Gadwaef's Gadget Shop.
  3557 | D:5      | Noticed Ijyb
  3621 | D:5      | Killed Ijyb
  3621 | D:5      | Reached skill level 6 in Unarmed Combat
  3760 | D:5      | Killed Menkaure
  3760 | D:5      | Reached ** piety under Okawaru
  3811 | D:5      | Noticed Sigmund
  3818 | D:5      | Killed Sigmund
  3818 | D:5      | Reached XP level 8. HP: 66/79 MP: 7/7
  3932 | D:5      | Reached skill level 7 in Unarmed Combat
  4447 | D:6      | Reached skill level 1 in Invocations
  4567 | D:6      | Reached *** piety under Okawaru
  4580 | D:6      | Noticed Prince Ribbit
  4597 | D:6      | Noticed Grinder
  4605 | D:6      | Killed Grinder
  4605 | D:6      | Reached skill level 5 in Fighting
  4605 | D:6      | Reached skill level 8 in Unarmed Combat
  4878 | D:6      | Reached XP level 9. HP: 77/86 MP: 7/10
  4896 | D:6      | Killed Prince Ribbit
  5141 | D:7      | Found Vyclatoc's Magic Scroll Shoppe.
  5151 | D:7      | Bought a scroll of remove curse for 45 gold pieces
  5179 | D:7      | Found Taisuif's Gadget Shop.
  5319 | D:7      | Found Elaro's Jewellery Boutique.
  5398 | D:7      | Found a runed translucent gate.
  5399 | D:7      | Found a runed translucent gate.
  5399 | D:7      | Found a runed translucent gate.
  5400 | D:7      | Noticed PeSeC's ghost (novice MiFi)
  5528 | D:7      | Found Mapabb's Armour Shoppe.
  5569 | D:7      | Reached **** piety under Okawaru
  5670 | D:7      | Reached skill level 9 in Unarmed Combat
  5773 | D:7      | Got a translucent jade ring
  5774 | D:7      | Identified the ring of No Interval {rN+ MR+ Str-3 SInv
                  | Stlth+} (You found it on level 7 of the Dungeon)
  5795 | D:7      | Found Qozage's Armour Emporium.
  6150 | D:7      | Received a gift from Okawaru
  6192 | D:8      | Found a radiant altar of Vehumet.
  6387 | D:8      | Reached XP level 10. HP: 88/98 MP: 11/11
  6423 | D:8      | Reached skill level 10 in Unarmed Combat
  6465 | D:8      | Noticed Grum
  6572 | D:8      | Killed Grum
  6572 | D:8      | Reached ***** piety under Okawaru
  6855 | D:8      | Noticed Maurice
  6907 | D:8      | Noticed Pikel
  6943 | D:9      | Reached skill level 5 in Dodging
  6977 | D:9      | Found a hide-covered altar of Uskayaw.
  7071 | D:9      | Noticed a +0 hand axe
  7071 | D:9      | Noticed a +0 hand axe
  7250 | D:9      | Noticed a two-headed ogre
  7325 | D:9      | Found a glowing golden altar of the Shining One.
  7389 | D:9      | Found Somux's Antique Weapon Shoppe.
  7536 | D:9      | Received a gift from Okawaru
  7580 | D:9      | Found Vohuw's Armour Boutique.
  7593 | D:9      | Bought a +0 large shield for 67 gold pieces
  7745 | D:9      | Found Uniokiet's Gadget Emporium.
  7887 | D:9      | Found a snail-covered altar of Cheibriados.
  7960 | D:10     | Entered Level 10 of the Dungeon
  8109 | D:10     | Noticed Sonja
  8379 | D:9      | Reached skill level 1 in Shields
  8733 | D:10     | Found Zarpher's Serpentskin Sales.
  8739 | D:10     | Received a gift from Okawaru
  8739 | D:10     | Reached skill level 11 in Unarmed Combat
  8746 | D:10     | Got a crude shield {god gift}
  8797 | D:10     | Identified the +0 shield of Pandemonium {Regen+ Int-5
                  | Dex+2} (Okawaru gifted it to you on level 10 of the
                  | Dungeon)
  8916 | D:10     | Killed Sonja
  9084 | D:10     | Found Hivast's Antique Armour Boutique.
  9223 | D:10     | Reached skill level 5 in Invocations
  9390 | D:11     | Found a staircase to the Orcish Mines.
  9412 | D:11     | Reached XP level 11. HP: 107/107 MP: 13/13
  9421 | D:11     | Found a blossoming altar of Fedhas.
  9754 | D:11     | Found a staircase to the Lair.
  9849 | D:11     | Noticed a cyan ugly thing
 10052 | D:11     | Reached skill level 12 in Unarmed Combat
 10086 | Orc:1    | Entered Level 1 of the Orcish Mines
 10118 | Orc:1    | Noticed Erolcha
 10119 | Orc:1    | Noticed Jorgrun
 10145 | D:11     | Killed Jorgrun
 10297 | Orc:1    | Killed Erolcha
 10780 | D:8      | Killed Pikel
 10780 | D:8      | Received a gift from Okawaru
 10799 | D:8      | Got a shadowed robe {god gift}
 10813 | D:8      | Identified the +0 robe "Xaept" {rPois rN++} (Okawaru gifted
                  | it to you on level 8 of the Dungeon)
 10833 | D:8      | Found a runed translucent gate.
 10834 | D:8      | Found a runed translucent gate.
 10834 | D:8      | Found a runed translucent gate.
 10834 | D:8      | Found an opulent altar of Gozag.
 10835 | D:8      | Noticed PeSeC's ghost (novice MiFi)
 10932 | Lair:1   | Entered Level 1 of the Lair of Beasts
 11452 | Lair:1   | Reached skill level 13 in Unarmed Combat
 11582 | Lair:1   | Reached XP level 12. HP: 92/120 MP: 15/15
 11953 | Lair:1   | Found a shattered altar of Ashenzari.
 12147 | Lair:1   | Reached ****** piety under Okawaru
 12180 | Lair:1   | You fall through a shaft!
 12289 | Lair:2   | Noticed a seven-headed hydra
 12305 | Lair:2   | Killed a seven-headed hydra
 12709 | Lair:1   | Identified the Handbook of Dark Rites
 13019 | Lair:1   | Reached skill level 14 in Unarmed Combat
 13817 | Lair:2   | Found a hole to the Spider Nest.
 13830 | Lair:2   | Received a gift from Okawaru
 14223 | Lair:3   | Noticed a death yak
 14224 | Lair:3   | Noticed a death yak
 14365 | Lair:3   | Got a creamy pearl robe
 14376 | Lair:3   | Identified the +1 robe of Distant Shores {Slay+6} (You
                  | found it on level 3 of the Lair of Beasts)
 14383 | Lair:3   | Noticed a death yak
 14524 | Orc:2    | Entered Level 2 of the Orcish Mines
 14526 | Orc:2    | Found a staircase to the Elven Halls.
 14752 | Orc:2    | Paralysed by fainting for 7 turns
 14765 | Orc:2    | Paralysed by fainting for 11 turns
 15047 | Orc:1    | Noticed Urug
 15066 | Orc:1    | Killed Urug
 15066 | Orc:1    | Received a gift from Okawaru
 15387 | Orc:2    | Received a gift from Okawaru
 15450 | Orc:1    | Reached XP level 13. HP: 84/133 MP: 16/16
 15560 | Orc:2    | Received a gift from Okawaru
 15571 | Orc:2    | Got a smoking hat {god gift}
 15577 | Orc:2    | Identified the +2 hat of Intercession {rF- Int+5 Dex+5}
                  | (Okawaru gifted it to you on level 2 of the Orcish Mines)
 15649 | Orc:2    | Found Acolox's Assorted Antiques.
 15649 | Orc:2    | Found Otuvusteu's Antique Weapon Boutique.
 15793 | Orc:2    | Found a roughly hewn altar of Beogh.
 16026 | Orc:2    | Found Canaon's Assorted Antiques.
 16056 | Orc:2    | Reached skill level 10 in Fighting
 16339 | Orc:2    | Found Bopses's Jewellery Shoppe.
 16361 | Orc:2    | Reached skill level 5 in Shields
 16361 | Orc:2    | Reached skill level 15 in Unarmed Combat
 17533 | D:12     | Paralysed by a hornet for 2 turns
 18897 | Lair:4   | Found a frozen archway.
 18988 | Lair:4   | Received a gift from Okawaru
 19015 | IceCv    | Entered an ice cave
 19118 | IceCv    | Received a gift from Okawaru
 19351 | IceCv    | Reached skill level 16 in Unarmed Combat
 19937 | Lair:4   | Reached XP level 14. HP: 133/144 MP: 17/17
 19954 | Lair:4   | Found a staircase to the Shoals.
 20084 | Lair:4   | Got a pitted tin amulet
 20085 | Lair:4   | Identified the amulet "Meruow" {Reflect MR+ SH+4} (You
                  | found it on level 4 of the Lair of Beasts)
 21307 | Lair:5   | Found a viscous altar of Jiyva.
 21308 | Lair:5   | Found a staircase to the Slime Pits.
 21499 | Lair:6   | Entered Level 6 of the Lair of Beasts
 21725 | Lair:6   | Got a twisted robe
 21916 | Lair:5   | Received a gift from Okawaru
 22041 | Lair:6   | Identified the +4 robe of the Distant Future {rN+ MR-
                  | Int+2} (You found it on level 6 of the Lair of Beasts)
 22163 | Lair:6   | Received a gift from Okawaru
 22201 | Lair:6   | Paralysed by a hornet for 3 turns
 22506 | Lair:6   | Reached skill level 17 in Unarmed Combat
 23001 | Lair:6   | Received a gift from Okawaru
 23177 | Lair:6   | Identified a scroll of acquirement
 23180 | Lair:6   | Got a faintly glowing hat
 23182 | Lair:6   | Got a spiked hat {god gift}
 23305 | Lair:6   | Identified the +4 hat "Xoirups" {*Drain rCorr Int+5 Stlth+}
                  | (Okawaru gifted it to you on level 6 of the Lair of Beasts)
 23305 | Lair:6   | Identified the +0 hat of the Evening Star {Str-5 Dex+5}
                  | (You acquired it on level 6 of the Lair of Beasts)
 23930 | D:13     | Found a gate to the Vaults.
 23932 | D:13     | Reached XP level 15. HP: 126/154 MP: 18/18
 24196 | D:13     | Noticed Josephine
 24206 | D:13     | Killed Josephine
 24570 | D:14     | Received a gift from Okawaru
 24840 | D:14     | Reached skill level 18 in Unarmed Combat
 24962 | D:14     | Found Tiurph's Distillery.
 25173 | D:14     | Found a runed translucent door.
 25173 | D:14     | Noticed a tengu reaver
 25311 | D:14     | Reached skill level 5 in Throwing
 25542 | D:15     | Entered Level 15 of the Dungeon
 25854 | D:15     | Identified Roxanne's Handbook of Stones
 25854 | D:15     | Noticed Roxanne
 25934 | D:15     | Found a shadowy altar of Dithmenos.
 26149 | D:15     | Found a staircase to the Depths.
 26629 | Shoals:1 | Entered Level 1 of the Shoals
 26635 | Shoals:1 | Received a gift from Okawaru
 27359 | Shoals:1 | Noticed a frost giant
 27421 | Shoals:1 | Received a gift from Okawaru
 27604 | Shoals:1 | Killed a frost giant
 28037 | Shoals:1 | Reached XP level 16. HP: 154/167 MP: 19/19
 28196 | Shoals:2 | Reached skill level 19 in Unarmed Combat
 28327 | Shoals:2 | Received a gift from Okawaru
 29394 | Shoals:3 | Noticed Donald
 29410 | Shoals:2 | Killed Donald
 30024 | Shoals:3 | Noticed Polyphemus
 30093 | Shoals:3 | Received a gift from Okawaru
 30186 | Shoals:3 | Got an ancient brass ring
 30202 | Shoals:3 | Identified the ring "Roppup" {*Tele rPois rC- Dex+7} (You
                  | found it on level 3 of the Shoals)
 30799 | Shoals:3 | Killed Polyphemus
 31239 | Spider:1 | Entered Level 1 of the Spider Nest
 31312 | Spider:1 | Found a transporter.
 31394 | Spider:1 | Received a gift from Okawaru
 31533 | Spider:1 | Reached skill level 20 in Unarmed Combat
 32193 | Spider:2 | Reached XP level 17. HP: 178/178 MP: 20/20
 33242 | Spider:3 | Received a gift from Okawaru
 33582 | Spider:4 | Entered Level 4 of the Spider Nest
 34721 | Spider:4 | Found a runed translucent gate.
 34721 | Spider:4 | Found a runed translucent gate.
 34722 | Spider:4 | Found a runed translucent gate.
 34722 | Spider:4 | Noticed spacegravy's ghost (adept MiBe)
 35150 | Spider:4 | Received a gift from Okawaru
 35559 | Spider:4 | Got a gossamer rune of Zot
 35827 | Shoals:4 | Entered Level 4 of the Shoals
 36948 | Shoals:4 | Reached XP level 18. HP: 154/189 MP: 21/21
 37304 | Shoals:4 | Received a gift from Okawaru
 37316 | Shoals:4 | Identified the amulet "Lamih" {Gourm Str+3}
 37386 | Shoals:4 | Noticed Louise
 37460 | Shoals:4 | Killed Louise
 37618 | Shoals:4 | Received a gift from Okawaru
 37817 | Shoals:4 | Got a barnacled rune of Zot
 38090 | Vaults:1 | Entered Level 1 of the Vaults
 38113 | Vaults:1 | Reached skill level 21 in Unarmed Combat
 38297 | Vaults:1 | Reached skill level 10 in Shields
 38560 | D:7      | Bought +0 fire dragon scales for 780 gold pieces
 38746 | Vaults:1 | Received a gift from Okawaru
 38772 | Vaults:1 | Reached skill level 1 in Armour
 38976 | Vaults:1 | Received a gift from Okawaru
 38994 | Vaults:1 | Noticed nago's ghost (adept DrEE)
 38995 | Vaults:1 | Found a runed translucent gate.
 38995 | Vaults:1 | Found a runed translucent gate.
 38995 | Vaults:1 | Found a runed translucent gate.
 38997 | Vaults:1 | Identified the ring of Luosu {rN+ Dex+5}
 40184 | Vaults:2 | Reached skill level 5 in Armour
 40498 | Vaults:1 | Received a gift from Okawaru
 40510 | Vaults:1 | Got a pitted hat {god gift}
 40511 | Vaults:1 | Identified the +2 hat "Nauci" {*Drain +Blink +Inv} (Okawaru
                  | gifted it to you on level 1 of the Vaults)
 40965 | Vaults:2 | Reached XP level 19. HP: 182/200 MP: 22/22
 41052 | Vaults:2 | Reached skill level 15 in Fighting
 42281 | Vaults:3 | Received a gift from Okawaru
 42326 | Vaults:3 | Got a smoking shield {god gift}
 42327 | Vaults:3 | Identified the +1 shield of Okawaru's Benevolence {+Blink
                  | Dex+3 Stlth+} (Okawaru gifted it to you on level 3 of the
                  | Vaults)
 42347 | Vaults:3 | Found a staircase to the Crypt.
 42989 | Vaults:3 | Found Utanios's Distillery.
 43015 | Vaults:3 | Bought a potion of heal wounds for 95 gold pieces
 43311 | Vaults:3 | Noticed a Tzitzimitl
 43535 | Vaults:3 | Noticed a Tzitzimitl
 43867 | Vaults:3 | Found Qatwux's Gadget Boutique.
 44008 | Vaults:3 | Received a gift from Okawaru
 44142 | Vaults:3 | Reached skill level 22 in Unarmed Combat
 44339 | Vaults:3 | Reached XP level 20. HP: 130/211 MP: 14/23
 44459 | Vaults:3 | Found Areoduik's Armour Shoppe.
 44557 | Vaults:3 | Found Tyrizyw's Distillery.
 44585 | Vaults:3 | Reached skill level 10 in Armour
 45014 | Vaults:4 | Noticed Saint Roka
 45112 | Vaults:4 | Killed Saint Roka
 45152 | Vaults:4 | Noticed Boris
 45172 | Vaults:4 | Killed Boris
 45587 | Vaults:4 | Received a gift from Okawaru
 47762 | Depths:1 | Entered Level 1 of the Depths
 48003 | Depths:1 | Received a gift from Okawaru
 48108 | Depths:1 | Got an encrusted shield {god gift}
 48115 | Depths:1 | Identified the +0 shield "Wimyun" {rC- MR+ Str-2 Int+9}
                  | (Okawaru gifted it to you on level 1 of the Depths)
 48215 | Depths:1 | Found a runed translucent door.
 48464 | Depths:1 | Reached XP level 21. HP: 223/223 MP: 24/24
 48507 | Depths:1 | Found a transporter.
 48671 | Depths:1 | Noticed a juggernaut
 48705 | Depths:1 | Found a gateway to Hell.
 49240 | Depths:2 | Found a runed translucent door.
 49608 | Depths:2 | Found a one-way gate leading to the halls of Pandemonium.
 49769 | Depths:2 | Noticed Asterion
 49786 | Depths:2 | Killed Asterion
 49823 | Depths:2 | Identified the cursed ring "Kuboeriw" {*Contam Str+9 Int+3
                  | Dex-3}
 50166 | Depths:2 | Received a gift from Okawaru
 50398 | Depths:2 | Noticed a golden dragon
 50996 | Depths:2 | Found a gateway to a ziggurat.
 51231 | Depths:2 | Killed a golden dragon
 51320 | Depths:3 | Noticed Jory
 51368 | Depths:2 | Killed Jory
 51436 | Depths:2 | Reached skill level 23 in Unarmed Combat
 52345 | Depths:3 | Noticed Mara
 52359 | Depths:3 | Noticed libidonplus's illusion
 52414 | Depths:3 | Received a gift from Okawaru
 53096 | Depths:3 | Noticed libidonplus's illusion
 53753 | Depths:3 | Reached XP level 22. HP: 232/235 MP: 25/25
 53853 | Depths:3 | Received a gift from Okawaru
 54326 | Depths:4 | Identified the +1 faerie dragon scales {rN++ MR+ rCorr
                  | Str+5}
 54326 | Depths:4 | Noticed the Enchantress
 54430 | Depths:3 | Killed the Enchantress
 55142 | Depths:4 | Received a gift from Okawaru
 55461 | Depths:4 | Found a one-way gate to the infinite horrors of the Abyss.
 55965 | Depths:4 | Identified the +10 flail "Noohith" {holy, SInv}
 55996 | Depths:4 | Identified the +1 hand axe of Saguv {protect, Fragile rN+
                  | MR+ SInv}
 56018 | Depths:4 | Received a gift from Okawaru
 56302 | Depths:4 | Found an iron altar of Okawaru.
 56392 | Depths:5 | Entered Level 5 of the Depths
 57386 | Depths:5 | Noticed a golden dragon
 58279 | Depths:5 | Reached XP level 23. HP: 224/245 MP: 26/26
 58416 | Depths:5 | Reached skill level 10 in Dodging
 58551 | Depths:5 | Found Telisew's Distillery.
 58555 | Depths:5 | Bought a potion of resistance for 210 gold pieces
 58555 | Depths:5 | Bought 2 potions of curing for 126 gold pieces
 58555 | Depths:5 | Bought a potion of heal wounds for 105 gold pieces
 58555 | Depths:5 | Bought a potion of might for 84 gold pieces
 58555 | Depths:5 | Bought a potion of heal wounds for 105 gold pieces
 58555 | Depths:5 | Bought a potion of curing for 63 gold pieces
 58555 | Depths:5 | Bought a potion of heal wounds for 105 gold pieces
 58735 | Depths:5 | Found a gate to the Realm of Zot.
 58967 | Depths:5 | Received a gift from Okawaru
 58971 | Depths:5 | Got a faintly humming large shield {god gift}
 59031 | Depths:4 | Identified the +4 large shield of Repulsion {MR- Str+4}
                  | (Okawaru gifted it to you on level 5 of the Depths)
 60512 | Vaults:5 | Entered Level 5 of the Vaults
 61293 | Vaults:5 | Received a gift from Okawaru
 61794 | Vaults:5 | Identified the +1 robe of the Slug {rPois rF- rC+}
 61866 | Vaults:5 | Identified the +3 trident of Mutilation {pain, *Slow rF+
                  | Dex+4}
 61866 | Vaults:5 | Identified the +3 fustibalus "Minaum" {velocity, *Contam
                  | rElec rPois Int+9}
 62031 | Vaults:5 | Identified the ring of the Past {rElec rF+}
 62173 | Vaults:5 | Identified the +6 hand axe of Qefi Pohuyl {venom, Str+4
                  | Dex-5 SInv}
 62173 | Vaults:5 | Identified the ring "Xeosuu Laal" {*Drain +Fly rElec Str+7
                  | Dex+4}
 62329 | Vaults:5 | Received a gift from Okawaru
 62655 | Vaults:4 | Reached XP level 24. HP: 258/258 MP: 26/26
 62694 | Vaults:5 | Identified the +0 robe "Wupomiysir" {Dex+2}
 62694 | Vaults:5 | Identified the ring "Yvaejoaf" {rF+ SInv}
 62694 | Vaults:5 | Identified the +7 fire dragon scales of Minor Irritation
                  | {rElec rPois rF++ rC- Dex-5}
 63577 | Vaults:5 | Identified the Guide on Conjuration
 63748 | Vaults:5 | Got a silver rune of Zot
 64157 | Elf:1    | Entered Level 1 of the Elven Halls
 64763 | Elf:1    | Found Miuhie's Gadget Shoppe.
 64850 | Elf:1    | Found Zavif's Magic Scroll Boutique.
 64856 | Elf:1    | Bought a scroll of teleportation for 54 gold pieces
 64856 | Elf:1    | Bought a scroll of blinking for 135 gold pieces
 64856 | Elf:1    | Bought a scroll of teleportation for 54 gold pieces
 64856 | Elf:1    | Bought a scroll of fear for 63 gold pieces
 64856 | Elf:1    | Bought a scroll of fear for 63 gold pieces
 64856 | Elf:1    | Bought a scroll of teleportation for 54 gold pieces
 64856 | Elf:1    | Bought a scroll of teleportation for 54 gold pieces
 65210 | Elf:1    | Found Ycin Wusaa's Antique Weapon Boutique.
 65510 | Zot:1    | Entered Level 1 of the Realm of Zot
 65533 | Zot:1    | Got a crude diamond amulet
 65534 | Zot:1    | Identified the amulet "Jidarch" {-Tele *Contam +Rage +Fly
                  | Int+8} (You acquired it on level 1 of the Realm of Zot)
 65905 | Zot:1    | Received a gift from Okawaru
 66048 | Zot:1    | Received a gift from Okawaru
 66213 | Zot:1    | Noticed an orb of fire
 66279 | Zot:1    | Killed an orb of fire
 66279 | Zot:1    | Received a gift from Okawaru
 67419 | Zot:1    | Reached skill level 10 in Throwing
 67854 | Zot:2    | Received a gift from Okawaru
 68018 | Zot:2    | Received a gift from Okawaru
 68018 | Zot:2    | Reached XP level 25. HP: 217/270 MP: 26/26
 68553 | Zot:2    | Received a gift from Okawaru
 68560 | Zot:2    | Got a crude hat {god gift}
 68561 | Zot:2    | Identified the +5 hat of the Thoughtful Seas {rF+ rC+ rN+}
                  | (Okawaru gifted it to you on level 2 of the Realm of Zot)
 69117 | Elf:2    | Found Riell's Jewellery Boutique.
 69118 | Elf:2    | Found Hoixzax's Gadget Shoppe.
 69119 | Elf:2    | Found Ciocas's Jewellery Boutique.
 69456 | Elf:2    | Found a runed translucent gate.
 69456 | Elf:2    | Found a runed translucent gate.
 69456 | Elf:2    | Found a runed translucent gate.
 69743 | Elf:2    | Noticed Aizul
 69753 | Elf:2    | Killed Aizul
 71301 | Zot:3    | Found the +8 autumn katana {slice, Clar}
 72081 | Zot:4    | Received a gift from Okawaru
 72306 | Zot:4    | Received a gift from Okawaru
 72306 | Zot:4    | Reached skill level 15 in Armour
 72648 | Zot:4    | Reached skill level 15 in Shields
 72974 | Zot:5    | Entered Level 5 of the Realm of Zot
 73646 | Zot:5    | Reached XP level 26. HP: 187/284 MP: 26/26
 74171 | Zot:5    | Received a gift from Okawaru
 74609 | Zot:5    | Received a gift from Okawaru
 74896 | Zot:5    | Noticed an ancient lich
 74903 | Zot:5    | Noticed an orb of fire
 74907 | Zot:5    | Killed an ancient lich
 74912 | Zot:5    | Gained mutation: You are occasionally teleported next to
                  | monsters. [an orb of fire]
 74914 | Zot:5    | Killed an orb of fire
 75095 | Zot:5    | Noticed an orb of fire
 75097 | Zot:5    | Gained mutation: Your mind is acute. (Int +2) [an orb of
                  | fire]
 75113 | Zot:5    | Killed an orb of fire
 75321 | Zot:5    | Reached skill level 24 in Unarmed Combat
 75341 | Zot:5    | Noticed an ancient lich
 75349 | Zot:5    | Killed an ancient lich
 75400 | Zot:5    | Noticed an ancient lich
 75415 | Zot:5    | Killed an ancient lich
 75422 | Zot:5    | Received a gift from Okawaru
 75435 | Zot:5    | Noticed an orb of fire
 75450 | Zot:5    | Killed an orb of fire
 75478 | Zot:5    | Noticed an ancient lich
 75492 | Zot:5    | Killed an ancient lich
 75492 | Zot:5    | Received a gift from Okawaru
 75492 | Zot:5    | Reached XP level 27. HP: 140/296 MP: 26/26
 75527 | Zot:5    | Noticed an ancient lich
 75537 | Zot:5    | Noticed an ancient lich
 75549 | Zot:5    | Killed an ancient lich
 75553 | Zot:5    | Killed an ancient lich
 76241 | Lair:5   | Fell from the grace of Okawaru
 76241 | Lair:5   | Became a worshipper of Jiyva Jimuicog the Shapeless
 76244 | Slime:1  | Entered Level 1 of the Pits of Slime
 76298 | Slime:5  | Entered Level 5 of the Pits of Slime
 76476 | Slime:5  | Found a viscous altar of Jiyva.
 76746 | Orc:2    | Bought a potion of mutation for 248 gold pieces
 76854 | D:14     | Bought a potion of invisibility for 136 gold pieces
 76854 | D:14     | Bought a potion of mutation for 136 gold pieces
 76854 | D:14     | Bought a potion of curing for 51 gold pieces
 76854 | D:14     | Bought a potion of curing for 51 gold pieces
 76854 | D:14     | Bought a potion of cancellation for 136 gold pieces
 76854 | D:14     | Bought a potion of might for 68 gold pieces
 76854 | D:14     | Bought a potion of brilliance for 68 gold pieces
 77052 | Vaults:3 | Bought a potion of curing for 45 gold pieces
 77052 | Vaults:3 | Bought a potion of might for 60 gold pieces
 77052 | Vaults:3 | Bought a potion of mutation for 120 gold pieces
 77052 | Vaults:3 | Bought a potion of curing for 45 gold pieces
 77122 | Vaults:4 | Lost mutation: You are occasionally teleported next to
                  | monsters. [potion of mutation]
 77122 | Vaults:4 | Lost mutation: Your mind is acute. (Int +2) [potion of
                  | mutation]
 77122 | Vaults:4 | Gained mutation: You are agile. (Dex +2) [potion of
                  | mutation]
 77122 | Vaults:4 | Gained mutation: You are dopey. (Int -2) [potion of
                  | mutation]
 77122 | Vaults:4 | Gained mutation: Your spells are a little harder to cast,
                  | but a little more powerful. [potion of mutation]
 77475 | Depths:4 | Voluntarily entered the Abyss.
 78071 | Abyss:1  | Paralysed by accursed screaming for 1 turns
 78158 | Depths:4 | Escaped the Abyss
 78539 | Crypt:1  | Entered Level 1 of the Crypt
 78574 | Crypt:1  | Noticed Bai Suzhen
 78585 | Crypt:1  | Killed Bai Suzhen
 78664 | Crypt:1  | Reached * piety under Jiyva
 78731 | Crypt:1  | Found a magical portal.
 78734 | Crypt:1  | Reached ** piety under Jiyva
 79025 | WizLab   | Entered Wucad Mu's Monastery
 79867 | Crypt:2  | Reached *** piety under Jiyva
 80194 | Crypt:2  | Lost mutation: You are dopey. (Int -2) [Jiyva's grace]
 80227 | Crypt:2  | Found a basalt altar of Yredelemnul.
 80297 | Crypt:3  | Entered Level 3 of the Crypt
 80620 | Crypt:3  | Found the +8 demon blade "Bloodbane" {slice, *Rage +Rage
                  | Stlth-}
 80970 | Crypt:3  | Got a pitted jade ring
 80971 | Crypt:3  | Identified the ring "Hyuvvuru" {-Tele rPois rF+ rN+} (You
                  | found it on level 3 of the Crypt)
 80977 | Crypt:3  | Got a glittering iron ring
 80977 | Crypt:3  | Got a transparent golden ring
 80978 | Crypt:3  | Identified the ring of Lytzefee {rF- rN+ MR+++ Str-5 Dex+9}
                  | (You found it on level 3 of the Crypt)
 80979 | Crypt:3  | Identified the ring of Omadd {+Inv rN+ Stlth+} (You found
                  | it on level 3 of the Crypt)
 81282 | Crypt:3  | Identified Gedaen's Guide on Poisonous Conjuration
 81303 | Crypt:3  | Found a staircase to the Tomb.
 81303 | Crypt:3  | Noticed an ancient lich
 81310 | Crypt:3  | Killed an ancient lich
 81491 | Crypt:3  | Noticed Boris
 81510 | Crypt:3  | Killed Boris
 81662 | Crypt:3  | Reached **** piety under Jiyva
 81662 | Crypt:3  | Gained mutation: Your spells are harder to cast, but more
                  | powerful. [Jiyva's grace]
 81684 | Crypt:3  | Gained mutation: You have a small jelly attached to you
                  | that senses nearby items. [Jiyva's grace]
 81685 | Crypt:3  | Reached ***** piety under Jiyva
 81757 | Crypt:3  | Gained mutation: You have acidic saliva. [Jiyva's grace]
 81818 | Crypt:3  | Found an ancient bone altar of Kikubaaqudgha.
 81858 | Crypt:3  | Noticed an ancient lich
 81868 | Crypt:3  | Killed an ancient lich
 82692 | Elf:2    | Got a translucent lead ring
 82693 | Elf:2    | Identified the ring of Salvation {MP+9 Dex+3} (You acquired
                  | it on level 2 of the Elven Halls)
 82926 | Elf:3    | Entered Level 3 of the Elven Halls
 82935 | Elf:3    | Found Ilobbog's Antique Weapon Shoppe.
 83076 | Elf:3    | Reached skill level 15 in Dodging
 83361 | Elf:3    | Gained mutation: Your system is resistant to poisons.
                  | (rPois) [Jiyva's grace]
 83364 | Elf:3    | Reached ****** piety under Jiyva
 83720 | Slime:5  | Gained mutation: You are very agile. (Dex +4) [Jiyva's
                  | grace]
 83731 | Slime:5  | Lost mutation: You have a small jelly attached to you that
                  | senses nearby items. [Jiyva's grace]
 83732 | Slime:5  | Got a slimy rune of Zot
 83745 | Slime:5  | Got a wavering tin amulet
 83749 | Slime:5  | Lost mutation: You are very agile. (Dex +4) [Jiyva's grace]
 84049 | Depths:3 | Gained mutation: You are partially covered in thin metallic
                  | scales. (AC +2) [Jiyva's grace]
 84485 | Zot:5    | Got the Orb of Zot
 84512 | Zot:5    | Reached skill level 25 in Unarmed Combat
 84686 | Depths:3 | Gained mutation: You have a pair of small horns on your
                  | head. [Jiyva's grace]
 84950 | D:$      | Escaped with the Orb!

Skill      XL: |  1  2  3  4  5  6  7  8  9 10 11 12 13 14 15 16 17 18 19 20 21 22 23 24 25 26 27 |
---------------+----------------------------------------------------------------------------------+-----
Unarmed Combat | 1 2 3 4 5 6 8 9 11 13 14 16 17 18 20 21 22 23 24 25 | 25.0
Fighting       | 2 3 4 5 6 7 8 9 10 11 12 13 14 15 16 17 18 19 20 21 | 21.9
Dodging        | 2 3 4 5 6 8 9 12 13 15 | 15.0
Invocations    | 3 5 6 |  6.5
Shields        | 2 4 6 8 9 10 12 13 14 15 | 15.0
Throwing       | 6 8 10 12 | 12.0
Armour         | 6 9 12 13 14 15 16 17 | 17.8
Stealth        | |  0.3

Action                   |  1- 3 |  4- 6 |  7- 9 | 10-12 | 13-15 | 16-18 | 19-21 | 22-24 | 25-27 || total
-------------------------+-------+-------+-------+-------+-------+-------+-------+-------+-------++-------
Melee: Unarmed           |   114 |   152 |   337 |   740 |  1244 |  1351 |  1504 |  1532 |  2104 ||  9078
       Punch             |     1 |     2 |    18 |     6 |       |       |       |       |       ||    27
       Whip              |       |       |       |    10 |       |       |       |       |       ||    10
       Hand axe          |       |       |       |       |     6 |       |       |       |       ||     6
       Broad axe         |       |       |       |       |    28 |       |       |       |       ||    28
       Bite              |       |       |       |       |       |       |       |       |    74 ||    74
       Headbutt          |       |       |       |       |       |       |       |       |     6 ||     6
 Fire: Blowgun           |       |       |       |     5 |       |       |       |       |       ||     5
Throw: Stone             |       |     1 |     6 |    14 |       |       |       |       |       ||    21
       Large rock        |       |     4 |       |    17 |    10 |   108 |    36 |   100 |    46 ||   321
       Tomahawk          |       |     2 |     7 |     6 |       |       |       |       |       ||    15
       Javelin           |       |       |       |     3 |       |       |       |       |       ||     3
       Throwing net      |       |       |       |       |       |       |     2 |       |       ||     2
Invok: Heroism           |       |       |     1 |     6 |    11 |    12 |    10 |    12 |     6 ||    58
       Finesse           |       |       |       |     3 |     2 |     4 |     1 |     2 |     3 ||    15
Evoke: Wand              |       |       |       |     6 |       |     3 |     3 |     1 |     1 ||    14
  Use: Scroll            |       |     4 |     4 |    13 |    17 |    10 |     8 |    13 |    11 ||    80
       Potion            |       |       |       |     1 |       |     1 |       |     3 |    11 ||    16
 Stab: Distracted        |     1 |       |     1 |       |     1 |     2 |     1 |       |     3 ||     9
       Sleeping          |       |       |     2 |     8 |    12 |     9 |     9 |     2 |       ||    42
       Held in net/web   |       |       |       |       |       |       |     1 |       |       ||     1
  Eat: Chunk             |    12 |    21 |    29 |    81 |   122 |   117 |   111 |   131 |    84 ||   708
       Ration            |       |       |       |       |       |     1 |       |       |    14 ||    15
Armor: Robe              |    48 |    43 |    92 |   166 |   269 |   242 |       |       |       ||   860
       Fire dragon scale |       |       |       |       |       |    69 |   405 |   412 |   320 ||  1206
       Ice dragon scales |       |       |       |       |       |       |    11 |     5 |       ||    16
       Acid dragon scale |       |       |       |       |       |       |       |    12 |       ||    12
Dodge: Dodged            |    61 |    65 |   136 |   225 |   410 |   468 |   345 |   392 |   316 ||  2418
Block: Large shield      |       |       |       |    46 |       |       |    32 |   665 |  1852 ||  2595
       Shield            |       |       |       |   210 |   651 |   944 |   831 |   690 |       ||  3326
       Reflection        |       |       |       |       |    26 |   188 |    88 |   156 |   107 ||   565
